 Dungeon Crawl Stone Soup version 0.22-a0-587-g7d32d7c7ae (webtiles) character file.

1458 RedPan the Poker (level 8, -1/90 HPs)
             Began as a Demigod Wanderer on July 5, 2018.
             Splashed by a jelly's acid (4 damage)
             ... on level 6 of the Dungeon.
             The game lasted 00:17:02 (6576 turns).

RedPan the Poker (Demigod Wanderer)                 Turns: 6576, Time: 00:17:03

Health: -1/90      AC:  4    Str: 20    XL:     8   Next: 23%
Magic:  11/11      EV:  2    Int: 23    God:
Gold:   222        SH: 10    Dex: 16    Spells: 7/7 levels left

rFire    . . .     SeeInvis .   a - +3 spear
rCold    . . .     Gourm    .   q - +0 shield
rNeg     + + +     Faith    .   (armour currently unavailable)
rPois    +         Spirit   .   (helmet currently unavailable)
rElec    .         Reflect  .   (cloak currently unavailable)
rCorr    .         Harm     .   (gloves currently unavailable)
MR       .....     NoTele   +   (boots currently unavailable)
Stlth    +++.......             j - amulet of magic regeneration
HPRegen  0.25/turn              s - ring "Haxzac" {rN+ Int+9}
MPRegen  0.37/turn              (no ring)

@: tree-form, corroded
A: high mp 1
a: no special abilities


You were on level 6 of the Dungeon.
You were not hungry.
You were a tree.
You visited 1 branch of the dungeon, and saw 6 of its levels.

You collected 222 gold pieces.

Inventory:

Hand Weapons
 a - a +3 spear (weapon)
 u - a cursed -1 shortbow
Armour
 e - a +0 chain mail (melded)
 l - a +0 helmet (melded)
 q - a +0 shield (worn)
Jewellery
 j - an amulet of magic regeneration (around neck)
 s - the ring "Haxzac" (left branch) {rN+ Int+9}
   (You found it on level 4 of the Dungeon)

   [ring of positive energy]

   It affects your intelligence (+9).
   It protects you from negative energy.
Scrolls
 b - 5 scrolls of teleportation
 c - a scroll of remove curse
 o - a scroll of enchant weapon
Potions
 i - a potion of mutation
 k - a potion of flight
 m - a potion of curing
 n - 2 potions of degeneration
 p - a potion of invisibility {unknown}
 r - a potion of haste {unknown}
Comestibles
 d - a chunk of flesh
 f - 14 rations


   Skills:
 - Level 1.7 Fighting
 * Level 7.0 Polearms
 - Level 1.0 Throwing
 + Level 4.3 Armour
 - Level 2.0 Dodging
 - Level 4.5 Stealth
 + Level 3.9 Shields
   Level 1.0 Evocations


You had 7 spell levels left.
You didn't know any spells.
Your spell library was empty.

Dungeon Overview and Level Annotations

Branches:
Dungeon (6/15)             Temple (0/1) D:5

Shops:
D:4 }


Innate Abilities, Weirdness & Mutations

You have an increased reservoir of magic. (+10% MP)


Message History

The acid corrodes you!
You are splashed with acid!
The acid burns!
* * * LOW HITPOINT WARNING * * *
Things that are here:
a jackal skeleton x2
You turn into a tree.
Your +0 helmet melds into your body.
Your +0 chain mail melds into your body.
Your roots penetrate the ground.
You block the jelly's attack.
You hit the jelly but do no damage.
Your branches burn!
* * * LOW HITPOINT WARNING * * *
The jelly is lightly wounded.
The jelly hits you but does no damage.
You hit the jelly.
Your branches burn!
* * * LOW HITPOINT WARNING * * *
The jelly is moderately wounded.
The jelly hits you but does no damage.
You hit the jelly but do no damage.
Your branches burn!
* * * LOW HITPOINT WARNING * * *
The jelly is moderately wounded.
You hit the jelly but do no damage.
Your branches burn!
You die...

# #...##...
#.##...##.####
#.............
####...##.#######
..................
##########....(...
#... #........
#.###J.......
##.##
######...♣.#######
##... ..#....#####
....####.#.##.#
#...#....#.##.#
#...#.#..#..#.#
#...#.#..##.#.#
....#.#..#..#.#
..<.#.........#
.#).#.........#


You could see a jelly.

Vanquished Creatures
  The ghost of Hercules1031 the Firebug, a novice DgFE (D:5)
  2 ogres
  A centaur (D:5)
  A bullfrog (D:4)
  A water moccasin skeleton (D:3)
  A scorpion (D:4)
  A crimson imp (D:5)
  A bullfrog zombie (D:4)
  3 hounds
  A jelly (D:5)
  4 orc wizards
  A bullfrog skeleton (D:4)
  2 orc priests
  Terence (D:2)
  4 worker ants
  2 hound zombies (D:4)
  A worker ant zombie (D:4)
  Robin (D:2)
  A river rat (D:5)
  6 adders
  An ooze (D:2)
  An adder zombie (D:6)
  2 dart slugs
  6 leopard geckos
  15 orcs
  3 ball pythons
  5 giant cockroaches
  20 goblins
  16 hobgoblins
  9 jackals
  4 quokkas
  2 ball python zombies (D:4)
  10 bats
  4 frilled lizards
  2 giant cockroach zombies (D:4)
  8 kobolds
  A leopard gecko zombie (D:4)
  A quokka zombie (D:4)
  13 rats
159 creatures vanquished.

Notes
Turn   | Place    | Note
-------+----------+-------------------------------------------
     0 | D:1      | RedPan the Demigod Wanderer began the quest for the Orb.
     0 | D:1      | RedPan set off with: a +2 spear, 2 scrolls of teleportation, a +0 robe, a +0 dagger, a ration
     0 | D:1      | Reached XP level 1. HP: 17/17 MP: 3/3
    33 | D:1      | Reached skill level 1 in Polearms
   211 | D:1      | Reached XP level 2. HP: 22/24 MP: 5/5
   472 | D:1      | Reached skill level 2 in Polearms
  1233 | D:1      | Reached XP level 3. HP: 29/29 MP: 6/6
  1564 | D:2      | Noticed Terence
  1593 | D:2      | Killed Terence
  1593 | D:2      | Reached skill level 3 in Polearms
  1760 | D:2      | Noticed Robin
  1778 | D:2      | Reached XP level 4. HP: 6/36 MP: 7/7
  1787 | D:2      | Killed Robin
  1787 | D:2      | Reached skill level 1 in Armour
  2090 | D:2      | Found a hide-covered altar of Uskayaw.
  2254 | D:2      | Found a glowing silver altar of Zin.
  2254 | D:2      | Found a white marble altar of Elyvilon.
  2259 | D:2      | Found a deep blue altar of Sif Muna.
  2261 | D:2      | Found a bloodstained altar of Trog.
  2263 | D:2      | Found a faded altar of an unknown god.
  2559 | D:2      | Found a glowing golden altar of the Shining One.
  2705 | D:3      | Reached XP level 5. HP: 41/41 MP: 8/8
  2813 | D:3      | Found a blossoming altar of Fedhas.
  3145 | D:3      | Reached skill level 4 in Polearms
  3665 | D:4      | Reached skill level 1 in Shields
  3700 | D:4      | Reached XP level 6. HP: 34/48 MP: 9/9
  4160 | D:4      | Got a steaming steel ring
  4377 | D:4      | Found Batuq's Gadget Boutique.
  4621 | D:4      | Reached skill level 5 in Polearms
  4661 | D:4      | Reached XP level 7. HP: 45/53 MP: 10/10
  4865 | D:5      | Entered Level 5 of the Dungeon
  4899 | D:5      | Found a staircase to the Ecumenical Temple.
  5289 | D:5      | Reached skill level 6 in Polearms
  5312 | D:5      | Found a runed door.
  5317 | D:5      | Noticed Hercules1031's ghost (novice DgFE)
  5415 | D:5      | Killed Hercules1031's ghost
  5415 | D:5      | Reached XP level 8. HP: 60/60 MP: 11/11
  5456 | D:5      | Found a runed door.
  5470 | D:5      | Found an iron altar of Okawaru.
  5864 | D:5      | Identified the ring "Haxzac" {rN+ Int+9} (You found it on level 4 of the Dungeon)
  6331 | D:6      | Reached skill level 7 in Polearms
  6574 | D:6      | HP: 3/90 [acid (5)]
  6576 | D:6      | Splashed by a jelly's acid

Vault maps used:
D:1:      dpeg_arrival_erosion, serial_forest, infiniplex_forest_end_1,
          infiniplex_forest_straight_1, infiniplex_forest_clump_large,
          infiniplex_forest_straight_2, infiniplex_forest_lined_3_way,
          infiniplex_forest_clump_cross, infiniplex_forest_3_way,
          minmay_misc_feat_encased
D:2:      lemuel_coloured_pillars_altar, chequers_temple_overflow_minitemple,
          eat_drink_and_be_merry_uskayaw, first_ration, minmay_misc_feat_rows,
          uniq_robin, uniq_terence
D:3:      fedhas_altar_fruit_tree
D:4:      cheibrodos_barr_body, serial_shops, nicolae_shop_behind_doors,
          serial_undead, serial_undead_c, serial_undead_b, serial_undead_d,
          serial_undead_f
D:5:      okawaru_ov_weapons_minmay, minmay_temple_entry_junction,
          ebering_ghost_sewer_f
D:6:      kennysheep_slug_shrine

Skill      XL: |  1  2  3  4  5  6  7  8 |
---------------+-------------------------+-----
Polearms       | 1 2 3 4 5 6 7 |  7.0
Armour         | 1 2 4 |  4.3
Dodging        | 2 |  2.0
Shields        | 1 2 3 |  3.9
Fighting       | |  1.7
Throwing       | |  1.0
Stealth        | |  4.5
Evocations     | |  1.0

Action                   |  1- 3 |  4- 6 |  7- 9 || total
-------------------------+-------+-------+-------++-------
Melee: Spear             |   142 |   261 |   214 ||   617
  Use: Scroll            |     3 |     7 |     5 ||    15
       Potion            |     1 |     2 |     2 ||     5
 Stab: Distracted        |     1 |       |     1 ||     2
       Sleeping          |     3 |       |       ||     3
  Eat: Chunk             |     3 |     9 |     7 ||    19
Armor: Leather armour    |     8 |       |       ||     8
       Chain mail        |    28 |   113 |    59 ||   200
       Ring mail         |     1 |       |       ||     1
       Skin              |       |       |     2 ||     2
Dodge: Dodged            |    51 |    40 |    32 ||   123
Block: Shield            |       |    47 |    64 ||   111

Table legend:
 A = Spawn XP
 B = Non-spawn XP
 C = Spawn XP percentage of total XP
 D = Spawn monster count
 E = Non-spawn monster count
 F = Spawn count percentage of total count
 G = Total turns spent on level
                    A         B        C        D         E        F      G
               +---------+---------+-------+---------+---------+-------+---------
         Total |       0 |    2084 |   0.0 |       0 |     159 |   0.0 |  6576
               +---------+---------+-------+---------+---------+-------+---------
           D:1 |       0 |      49 |   0.0 |       0 |      30 |   0.0 |  1455
           D:2 |       0 |     164 |   0.0 |       0 |      37 |   0.0 |  1181
           D:3 |       0 |     208 |   0.0 |       0 |      34 |   0.0 |  1378
           D:4 |       0 |     547 |   0.0 |       0 |      25 |   0.0 |   851
           D:5 |       0 |     982 |   0.0 |       0 |      25 |   0.0 |  1379
           D:6 |       0 |     134 |   0.0 |       0 |       8 |   0.0 |   332
               +---------+---------+-------+---------+---------+-------+---------
